 Dungeon Crawl Stone Soup version 0.22.1-2-g9c5b331383 (webtiles) character file.

953088 Ihlosi the Conqueror (level 27, -1/199 HPs)
             Began as a Human Gladiator on Nov 14, 2018.
             Was the Champion of the Shining One.
             Slain by an electric golem (15 damage)
             ... on level 5 of the Realm of Zot on Nov 17, 2018.
             The game lasted 09:47:12 (99015 turns).

Ihlosi the Conqueror (Human Gladiator)             Turns: 99015, Time: 09:47:12

Health: -1/199     AC: 47    Str: 31    XL:     27
Magic:  37/43      EV: 21    Int: 14    God:    the Shining One [******]
Gold:   8157       SH:  0    Dex: 21    Spells: 47/58 levels left

rFire    + + .     SeeInvis .   a - +9 great sword (holy)
rCold    + + +     Gourm    .   (shield currently unavailable)
rNeg     + + +     Faith    .   v - +8 gold dragon scales
rPois    +         Spirit   .   q - +2 hat {MR+}
rElec    .         Reflect  .   J - +2 cloak
rCorr    .         Harm     .   c - +2 pair of gloves {Str+3}
MR       +++..     Rnd*Rage +   Q - +2 pair of boots Stlth ..........Rnd*Tele +
                                h - amulet of Foedaeko {Regen+ Str+8 Int+2 Stlth+}
HPRegen  0.83/turn              s - ring "Den Lyg" {rF+ rN+ Int+2 Stlth+}
MPRegen  0.28/turn              L - ring "Halaroev" {Wiz rC++}

@: glowing
A: berserk 1, blurry vision 1, frail 2, screaming 1, teleportitis 1
}: 7/15 runes: barnacled, slimy, silver, icy, bone, abyssal, gossamer
a: Divine Shield, Cleansing Flame, Summon Divine Warrior, Brand Weapon With Holy
Wrath, Renounce Religion


You were on level 5 of the Realm of Zot.
You worshipped the Shining One.
The Shining One was exalted by your worship.
You were not hungry.

You visited 15 branches of the dungeon, and saw 73 of its levels.
You visited the Abyss 8 times.
You also visited: Labyrinth, Ossuary, Bailey and Ice Cave.

You collected 12740 gold pieces.
You spent 4583 gold pieces at shops.

Inventory:

Hand Weapons
 a - a +9 great sword of holy wrath (weapon)
 b - a +9 arbalest of velocity
Missiles
 d - a throwing net (quivered)
 r - 1878 bolts
Armour
 c - a +2 pair of gloves of strength (worn)
 q - a +2 hat of magic resistance (worn)
 v - +8 gold dragon scales (worn)
 J - a +2 cloak (worn)
 Q - a +2 pair of boots (worn)
Jewellery
 g - the ring of Zarghef {rN+ MR+}
   (You found it on level 3 of the Crypt)

   [ring of positive energy]

   It protects you from negative energy.
   It affects your resistance to hostile enchantments.
 h - the amulet of Foedaeko (around neck) {Regen+ Str+8 Int+2 Stlth+}
   (You found it on level 5 of the Pits of Slime)

   [amulet of regeneration]

   It affects your strength (+8).
   It affects your intelligence (+2).
   It increases your rate of regeneration.
   It makes you more stealthy.
 j - an uncursed ring of resist corrosion
 n - the ring "Qyhaow" {+Inv rPois rF+ Str+4 Int+4}
   (You found it on level 5 of the Pits of Slime)

   [ring of protection from fire]

   It affects your strength (+4).
   It affects your intelligence (+4).
   It protects you from fire.
   It protects you from poison.
   It lets you turn invisible.
 s - the ring "Den Lyg" (left hand) {rF+ rN+ Int+2 Stlth+}
   (You found it on level 3 of the Crypt)

   [ring of positive energy]

   It affects your intelligence (+2).
   It protects you from fire.
   It protects you from negative energy.
   It makes you more stealthy.
 w - the ring of Nety {*Corrode rElec MR+ AC+3}
   (You found it on level 3 of the Depths)

   [ring of protection]

   It affects your AC (+3).
   It insulates you from electricity.
   It affects your resistance to hostile enchantments.
   It may corrode you when you take damage.
 L - the ring "Halaroev" (right hand) {Wiz rC++}
   (You found it on level 9 of the Dungeon)

   [ring of wizardry]

   It improves your spell success rate.
   It greatly protects you from cold.
 U - a +3 amulet of reflection
Wands
 z - a wand of scattershot (2)
 A - a wand of disintegration (20)
 C - a wand of enslavement (5)
 F - a wand of flame (123)
 I - a wand of digging (56)
 P - a wand of paralysis (85)
 S - a wand of iceblast (20)
 V - a wand of acid (7)
Scrolls
 e - 5 scrolls of amnesia
 k - 2 scrolls of immolation
 o - a scroll of holy word
 p - 18 scrolls of remove curse
 u - a scroll of brand weapon
 x - 2 scrolls of magic mapping
 y - a scroll of silence
 B - 14 scrolls of fog
 O - 9 scrolls of blinking
 R - 8 scrolls of identify
 T - 16 scrolls of teleportation
Potions
 i - 8 potions of cancellation
 m - 2 potions of might
 G - a potion of flight
 M - 2 potions of magic
 N - a potion of agility
 X - 4 potions of ambrosia
Miscellaneous
 l - a lamp of fire
 t - a lightning rod (4/4)
 K - a fan of gales
Comestibles
 f - 56 rations


   Skills:
 O Level 27 Fighting
 + Level 25.5 Long Blades
   Level 6.0 Axes
 + Level 16.9 Crossbows
 - Level 2.0 Throwing
 + Level 24.0 Armour
 * Level 19.0 Dodging
 - Level 6.0 Stealth
 - Level 16.0 Spellcasting
 - Level 3.0 Charms
 - Level 9.0 Translocations
 - Level 1.0 Transmutations
 - Level 1.0 Earth Magic
 O Level 27 Invocations
 - Level 9.0 Evocations


You had 47 spell levels left.
You knew the following spells:

 Your Spells              Type           Power        Failure   Level  Hunger
a - Passwall              Tmut/Erth      ##......     16%         2    None
b - Song of Slaying       Chrm           ###.....     6%          2    None
c - Statue Form           Tmut/Erth      ##.......    100%        6    ######.
d - Apportation           Tloc           #####.       1%          1    None

Your spell library contained the following spells:

 Spells                   Type           Power        Failure   Level  Hunger
 Blink                    Tloc           N/A          1%          2    None
 Shroud of Golubria       Chrm/Tloc      ####......   1%          2    None
 Gell's Gravitas          Tloc           #####.....   1%          3    None
 Lesser Beckoning         Tloc           #####.....   1%          3    None
 Teleport Other           Tloc           #####...     1%          3    None
 Passage of Golubria      Tloc           N/A          3%          4    ##.....
 Infusion                 Chrm           ###.         4%          1    None
 Recall                   Summ/Tloc      N/A          7%          3    None
 Beastly Appendage        Tmut           ##....       10%         1    None
 Sandblast                Erth           ##....       10%         1    None
 Animate Skeleton         Necr           N/A          16%         1    None
 Confusing Touch          Hex            ##....       16%         1    None
 Corona                   Hex            ##.....      16%         1    None
 Flame Tongue             Conj/Fire      ##...        16%         1    None
 Freeze                   Ice            ##..         16%         1    None
 Pain                     Necr           ##..         16%         1    None
 Sting                    Conj/Pois      ##..         16%         1    None
 Summon Butterflies       Summ           ##......     16%         1    None
 Summon Small Mammal      Summ           ##..         16%         1    None
 Sticks to Snakes         Tmut           ##......     16%         2    None
 Call Imp                 Summ           ##......     22%         2    None
 Corpse Rot               Necr           N/A          22%         2    None
 Ensorcelled Hibernation  Hex/Ice        ##....       22%         2    None
 Poisonous Vapours        Pois/Air       ##....       22%         2    None
 Sublimation of Blood     Necr           ##........   22%         2    None
 Throw Flame              Conj/Fire      ##....       22%         2    None
 Throw Frost              Conj/Ice       ##....       22%         2    None
 Ozocubu's Armour         Chrm/Ice       ###.....     24%         3    None
 Regeneration             Chrm/Necr      ###.......   24%         3    None
 Spectral Weapon          Hex/Chrm       ###.....     24%         3    None
 Spider Form              Tmut/Pois      ##........   32%         3    None
 Stone Arrow              Conj/Erth      ##....       32%         3    None
 Ignite Poison            Fire/Tmut/Pois ##......     34%         3    None
 Call Canine Familiar     Summ           ##......     38%         3    None
 Confuse                  Hex            ##......     38%         3    None
 Conjure Flame            Conj/Fire      ##......     38%         3    None
 Dazzling Spray           Conj/Hex       ##....       38%         3    None
 Inner Flame              Hex/Fire       ##......     38%         3    None
 Mephitic Cloud           Conj/Pois/Air  ##......     38%         3    None
 Summon Guardian Golem    Hex/Summ       ##......     38%         3    None
 Tukima's Dance           Hex            ##......     38%         3    None
 Summon Forest            Summ/Tloc      ###.......   52%         5    ####...
 Petrify                  Tmut/Erth      ##......     65%         4    ##.....
 Ice Form                 Ice/Tmut       ##......     71%         4    ##.....
 Leda's Liquefaction      Hex/Erth       ##........   71%         4    ##.....
 Animate Dead             Necr           N/A          78%         4    ##.....
 Cause Fear               Hex            ##........   78%         4    ##.....
 Olgreb's Toxic Radiance  Pois           ##......     78%         4    ##.....
 Sticky Flame             Conj/Fire      ##......     78%         4    ##.....
 Summon Ice Beast         Ice/Summ       ##......     78%         4    ##.....
 Summon Lightning Spire   Summ/Air       ##......     78%         4    ##.....
 Throw Icicle             Conj/Ice       ##......     78%         4    ##.....
 Excruciating Wounds      Chrm/Necr      ###.......   89%         5    ####...
 Iskenderun's Battlesphe  Conj/Chrm      ###.....     89%         5    ####...
 Blade Hands              Tmut           ##........   92%         5    ####...
 Lee's Rapid Deconstruct  Erth           ##........   92%         5    ####...
 Alistair's Intoxication  Tmut/Pois      ##......     96%         5    ####...
 Borgnjor's Vile Clutch   Necr/Erth      ##........   96%         5    ####...
 Yara's Violent Unravell  Hex/Tmut       ##........   96%         5    ####...
 Bolt of Magma            Conj/Fire/Erth ##........   97%         5    ####...
 Agony                    Necr           ##......     98%         5    ####...
 Aura of Abjuration       Summ           ##........   98%         5    ####...
 Bolt of Draining         Conj/Necr      ##........   98%         5    ####...
 Dispel Undead            Necr           ##......     98%         5    ####...
 Fireball                 Conj/Fire      ##........   98%         5    ####...
 Metabolic Englaciation   Hex/Ice        ##........   98%         5    ####...
 Silence                  Hex/Air        ##........   98%         5    ####...
 Summon Demon             Summ           ##........   98%         5    ####...
 Summon Mana Viper        Hex/Summ       ##......     98%         5    ####...
 Venom Bolt               Conj/Pois      ##........   98%         5    ####...
 Bolt of Cold             Conj/Ice       ##........   100%        6    ######.
 Bolt of Fire             Conj/Fire      ##........   100%        6    ######.
 Conjure Ball Lightning   Conj/Air       ##........   100%        6    ######.
 Darkness                 Hex            ##........   100%        6    ######.
 Death Channel            Necr           ##........   100%        6    ######.
 Deflect Missiles         Chrm/Air       ###.......   100%        6    ######.
 Freezing Cloud           Conj/Ice/Air   ##........   100%        6    ######.
 Invisibility             Hex            ##......     100%        6    ######.
 Iron Shot                Conj/Erth      ##........   100%        6    ######.
 Ozocubu's Refrigeration  Ice            ##........   100%        6    ######.
 Poison Arrow             Conj/Pois      ##........   100%        6    ######.
 Shadow Creatures         Summ           N/A          100%        6    ######.
 Simulacrum               Ice/Necr       ##........   100%        6    ######.
 Dragon Form              Tmut           ##........   100%        7    #######
 Orb of Destruction       Conj           ##........   100%        7    #######
 Ring of Flames           Chrm/Fire      ###.......   100%        7    #######
 Spellforged Servitor     Conj/Summ      ##........   100%        7    #######
 Summon Hydra             Summ           ##........   100%        7    #######
 Chain Lightning          Conj/Air       ##........   100%        8    #######
 Death's Door             Chrm/Necr      ###.......   100%        8    #######
 Discord                  Hex            ##........   100%        8    #######
 Lehudib's Crystal Spear  Conj/Erth      ##........   100%        8    #######
 Dragon's Call            Summ           ##........   100%        9    #######
 Fire Storm               Conj/Fire      ##........   100%        9    #######
 Glaciate                 Conj/Ice       ##........   100%        9    #######
 Shatter                  Erth           ##........   100%        9    #######
 Tornado                  Air            ##........   100%        9    #######


Dungeon Overview and Level Annotations

Branches:
Dungeon (15/15)            Temple (1/1) D:7            Lair (6/6) D:10
 Shoals (4/4) Lair:2       Spider (4/4) Lair:2        Slime (5/5) Lair:6
    Orc (2/2) D:9             Elf (3/3) Orc:2        Vaults (5/5) D:13
  Crypt (3/3) Vaults:3       Tomb (0/3) Crypt:3      Depths (5/5) D:15
   Hell (1/1)                 Dis (0/7) Hell            Geh (0/7) Hell
    Coc (7/7) Hell            Tar (7/7) Hell            Zot (5/5) Depths:5

Altars:
Ashenzari
Cheibriados
Dithmenos
Elyvilon
Fedhas
Gozag
Hepliaklqana
Kikubaaqudgha
Makhleb
Nemelex Xobeh
Okawaru
Qazlal
Ru
Sif Muna
Trog
Uskayaw
Vehumet
Wu Jian
Xom
Yredelemnul
Zin
The Shining One
Beogh

Shops:
D:8 :[   Orc:2 !}}?([[   Vaults:4 [   Vaults:5 %??!%!!%

Portals:
Hell: Depths:1 Depths:2 Depths:3 Depths:4 Depths:5
Abyss: Depths:3 Depths:4
Pandemonium: Depths:2 Depths:3 Depths:4
Ziggurat: Depths:5

Annotations:
D:15 exclusion: Roxanne, Roxanne
Zot:4 1 runed door, Vikerok's ghost, master OgTm


Innate Abilities, Weirdness & Mutations

You tend to lose your temper in combat.
Scrolls take you a little longer to read.
You are very frail. (-20% HP)
You occasionally shout uncontrollably at your foes.
You are occasionally teleported next to monsters.


Message History

The electric golem is almost destroyed.
The electric golem misses you. The electric golem closely misses you.
The electric golem hits you but does no damage.
The electric golem closely misses you. The storm dragon bites your angel!
The storm dragon claws your angel!
The storm dragon closely misses your angel.
Your angel barely misses the storm dragon.
Your angel hits the storm dragon with a whip of holy wrath.
The electric golem hurls lightning at you.
The bolt of lightning hits you!
* * * LOW HITPOINT WARNING * * *
You closely miss the electric golem.
The electric golem is almost destroyed.
The storm dragon closely misses your angel.
The storm dragon barely misses your angel.
The storm dragon tramples your angel but does no damage.
The electric golem hits you.
* * * LOW HITPOINT WARNING * * *
The electric golem shocks you!
You die...

####.### #.# #.####...###.......#
.......# #.# #.#........'....)..#
###....# #.###.#.###.####...[...#
# #.##.###.......# #.# #....)..#
# #.##.....###.#.# #.# #....)..#
#.##.###.# #...# #.# #.......# #
#.##.# #.# ###.###'####(..[)..#
###.##.###.#####.##......####'###
'...##..........@##....(.'....)##
#........((####.8##......#.....'.
#######.#### #.AD'D.....#.....##
# #.# #####.(....#.<...## #
####.#### #......########
#.......# #......# # #.#####.#
#..<..(# #.# #.# #......#
####.######## ################


You could see an electric golem, a storm dragon and a friendly angel.

Vanquished Creatures
  Ereshkigal (Tar:7)
  the Royal Jelly (Slime:5)
  15 ancient liches
  6 orbs of fire
  A juggernaut (Depths:5)
  Boris (Crypt:3)
  Sojobo (Vaults:3)
  5 Killer Klowns
  5 shard shrikes
  Saint Roka (Depths:5)
  Frederick (Crypt:2)
  Xtahua (Vaults:3)
  2 curse toes (Zot:3)
  Geryon (Hell)
  13 bone dragons
  20 Tzitzimimeh
  A profane servitor (Abyss:3)
  11 golden dragons
  2 electric golems
  7 doom hounds
  21 Ice Fiends
  19 tentacled monstrosities
  2 titans
  Asterion (Spider:3)
  19 Orb Guardians (Zot:5)
  14 acid blobs
  9 liches
  22 large abominations
  7 quicksilver dragons
  3 deep elf master archers (Elf:3)
  5 ancient champions
  4 deep elf blademasters
  Agnes (D:14)
  A kraken (Shoals:4)
  An eldritch tentacle (Coc:1)
  9 death cobs
  15 shadow dragons
  5 sphinxes
  An Executioner (Abyss:1)
  2 draconian monks
  6 tengu reavers
  9 tentacled starspawn
  17 storm dragons
  Murray (Depths:1)
  A thorn hunter (Abyss:3)
  10 azure jellies
  7 revenants
  5 draconian knights
  17 vault wardens
  16 fire giants
  2 orc warlords
  3 draconian scorchers
  6 ghouls
  8 frost giants
  7 ghost moths
  8 iron dragons
  A cacodemon (Abyss:1)
  9 deep elf elementalists
  24 deep elf sorcerers
  10 emperor scorpions
  18 ironheart preservers
  A spectral juggernaut (Depths:5)
  5 draconian stormcallers
  35 reapers
  6 draconian shifters
  17 stone giants
  The ghost of chimenez the Bludgeoner, a journeyman GrFi of Okawaru (Orc:2)
  5 draconian annihilators
  19 very ugly things
  7 war gargoyles
  5 vampire knights
  4 elemental wellsprings
  13 green draconians
  9 deep elf demonologists
  7 entropy weavers
  4 lorocyprocas
  14 red draconians
  15 black draconians
  14 white draconians
  The ghost of Cykl0x the Cleaver, a journeyman GrFi of Okawaru (Lair:1)
  10 purple draconians
  3 minotaurs
  7 deep elf annihilators
  A dire elephant (Abyss:3)
  16 yellow draconians
  9 spark wasps
  An ettin (shapeshifter) (Depths:4)
  6 merfolk javelineers
  8 blizzard demons
  6 eidola
  11 death oozes (Slime:5)
  11 ettins
  4 crystal guardians
  A green death (Depths:1)
  12 yaktaur captains
  Josephine (Lair:5)
  A kraken zombie (Hell)
  11 deep elf high priests
  2 jiangshi (Crypt:1)
  6 fire dragons
  10 deep elf death magi
  9 merfolk impalers
  20 great orbs of eyes
  Fannar (D:12)
  5 quicksilver dragon zombies
  The ghost of Zarkath the Fighter, a journeyman DsGl of Makhleb (Lair:1)
  40 vault guards
  A quicksilver dragon skeleton (Tar:7)
  7 hydras
  28 ice dragons
  5 rakshasas
  2 ghost crabs (Tar:7)
  8 centaur warriors
  6 merfolk aquamancers
  38 two-headed ogres
  3 spriggan air magi
  4 catoblepae
  2 alligators (Lair:4)
  37 dancing weapons
  4 merfolk avatars
  11 ogre magi
  The ghost of Ge0ff the Fighter, a novice BaHu of Makhleb (Spider:1)
  3 death knights
  2 satyrs (Shoals:3)
  9 deep troll earth magi
  3 deep troll shamans
  The ghost of hemabe the Slinger, a novice HuAr of Trog (D:7)
  16 hell hogs
  4 tengu warriors
  6 sun demons
  4 titan zombies
  4 vampire magi
  20 thrashing horrors
  8 death yaks
  4 storm dragon zombies
  A spriggan berserker (Depths:5)
  25 deep elf knights
  Urug (Orc:1)
  19 soul eaters
  An iron troll (Depths:3)
  34 small abominations
  A titan skeleton (Tar:6)
  11 shadow wraiths
  116 skeletal warriors
  2 death drakes
  7 sea snakes
  2 sixfirhies
  2 fire crabs (shapeshifter)
  7 hell knights (Crypt:3)
  6 wretched stars
  4 storm dragon skeletons
  A death drake (shapeshifter) (Depths:3)
  8 unseen horrors
  16 anaconda zombies
  58 starcursed masses
  12 shadow demons
  3 spatial maelstroms
  2 wizards
  2 ghost moth zombies
  7 flayed ghosts
  14 deep trolls
  5 glowing orange brains
  2 shambling mangroves (Abyss:3)
  2 swamp dragons (Lair:4)
  The ghost of Chr0nify the Spear-Bearer, a novice MiBe of Trog (D:7)
  12 orc knights
  3 shadow dragon zombies
  10 necromancers
  7 phantasmal warriors
  18 ironbrand convokers
  3 golden dragon skeletons
  3 anaconda skeletons
  13 deep elf archers
  The ghost of Flure the Destroyer, a novice DEFE of Vehumet (D:9)
  3 frost giant zombies
  A spectral fire dragon (Crypt:1)
  16 orb spiders
  31 harpies
  2 wolf spider zombies
  48 ugly things
  2 orb spiders (shapeshifter)
  4 orc sorcerers
  A manticore (shapeshifter) (Depths:3)
  12 fauns
  5 shining eyes
  2 iron dragon zombies
  14 manticores
  32 moths of wrath
  36 wolf spiders
  74 deep elf magi
  5 elephants (Lair:6)
  7 shadow dragon skeletons
  5 cyclopes
  7 fire giant zombies
  2 black mambas
  3 rust devils
  2 iron dragon skeletons
  12 merfolk sirens
  2 elephants (shapeshifter) (Vaults:1)
  4 frost giant skeletons
  19 vault sentinels
  8 worldbinders
  4 fire giant skeletons
  2 stone giant skeletons
  17 smoke demons
  3 dire elephant zombies
  4 apocalypse crabs
  2 spriggan zombies (Depths:5)
  A black mamba (shapeshifter) (Vaults:5)
  3 ice statues
  3 torpor snails
  A torpor snail (shapeshifter) (Vaults:5)
  9 water nymphs
  7 hellions
  A rime drake (Lair:4)
  3 orange demons (Abyss:1)
  A spiny frog (shapeshifter) (D:13)
  2 gargoyles
  5 eyes of devastation
  A black draconian zombie (Crypt:1)
  19 spiny frogs
  A kobold demonologist (Abyss:1)
  6 efreet
  A minotaur zombie (Abyss:1)
  45 yaktaurs
  4 dire elephant skeletons
  4 komodo dragons
  16 demonic crawlers
  2 catoblepas zombies
  28 freezing wraiths
  6 ancient zymes
  A red draconian skeleton (Crypt:2)
  19 tormentors
  A komodo dragon (shapeshifter) (Vaults:4)
  A guardian mummy (D:15)
  A harpy zombie (Crypt:1)
  A tengu conjurer (D:15)
  12 trolls
  A catoblepas skeleton (Crypt:1)
  A grey draconian skeleton (Crypt:1)
  A hellwing (Depths:2)
  40 jumping spiders
  2 silent spectres
  A queen bee (Spider:4)
  A death yak skeleton (Crypt:1)
  2 meliai (shapeshifter)
  14 hydra zombies
  36 merfolk
  6 meliai
  4 tyrant leeches (Abyss:1)
  13 hornets
  40 ice devils
  A queen ant zombie (Crypt:2)
  3 red devils
  4 wind drakes
  14 raiju
  5 fire dragon zombies
  6 hydra skeletons
  A polar bear (Lair:3)
  Prince Ribbit (D:7)
  18 blink frogs
  13 hippogriffs
  7 snapping turtles
  Grinder (D:6)
  A blink frog (shapeshifter) (Vaults:5)
  A bog body (Crypt:2)
  A tengu simulacrum (Vaults:2)
  2 harpy skeletons
  A stone giant simulacrum (Abyss:1)
  3 ice dragon zombies
  8 dream sheep
  3 alligator zombies
  2 frost giant simulacra
  2 ettin zombies
  3 fire dragon skeletons
  102 slime creatures
  2 vampires
  23 water elementals
  7 ynoxinuls
  5 alligator skeletons
  62 flying skulls
  22 tarantellas
  2 centaur simulacra
  49 redbacks
  19 shadows
  5 air elementals
  22 wraiths
  A redback (shapeshifter) (Vaults:5)
  2 ice dragon skeletons
  2 spriggans (Depths:5)
  5 wyverns
  A black mamba skeleton (Tar:7)
  4 ettin skeletons
  A black mamba zombie (Tar:7)
  7 basilisks
  76 yaks
  A human (D:7)
  12 vampire mosquitoes
  13 golden eyes
  5 chaos spawn
  11 fire elementals
  A hog (shapeshifter) (Depths:2)
  3 hogs (D:7)
  9 neqoxecs
  5 hungry ghosts
  A yaktaur simulacrum (Vaults:3)
  8 wargs
  2 steam dragons
  19 spatial vortices (Abyss:1)
  A harpy simulacrum (Coc:3)
  A merfolk zombie (Tar:7)
  4 swamp worms (Lair:4)
  2 swamp worms (shapeshifter)
  A naga (shapeshifter) (Vaults:1)
  A torturous demonspawn zombie (Coc:7)
  4 acid dragons
  10 spiny frog zombies
  Duvessa (D:7)
  A soldier ant (D:12)
  10 water moccasins
  9 porcupines
  2 hydra simulacra
  2 swamp drakes (Lair:4)
  A torturous demonspawn skeleton (Crypt:2)
  62 orc warriors
  12 ice beasts
  4 sky beasts
  An elephant zombie (Crypt:2)
  2 black bears
  5 spiny frog skeletons
  2 swamp dragon zombies
  An alligator simulacrum (Coc:2)
  7 boggarts
  10 eyes of draining
  An ice dragon simulacrum (Crypt:2)
  17 necrophages
  43 ogres
  4 phantoms
  4 snapping turtle skeletons
  3 snapping turtle zombies
  4 ettin simulacra
  11 wolves (Lair:2)
  31 centaurs
  14 crocodiles
  An elf zombie (Coc:7)
  6 big kobolds
  18 bullfrogs
  5 gnoll sergeants
  2 wyvern zombies
  8 earth elementals
  Dowan (D:7)
  3 human skeletons
  A spiny frog simulacrum (Coc:4)
  A wyvern skeleton (Crypt:1)
  A yaktaur skeleton (D:15)
  4 scorpions
  39 killer bees
  42 wights
  3 howler monkeys
  8 electric eels
  2 bullfrog zombies
  8 crimson imps
  A lava snake (D:7)
  A hound (D:6)
  7 quasits
  9 centaur zombies
  6 jellies
  21 orc wizards
  3 human zombies
  9 iron imps
  18 orc priests
  5 bullfrog skeletons
  8 centaur skeletons
  Terence (D:3)
  6 worker ants
  6 iguanas
  3 yak simulacra (Lair:2)
  A polar bear simulacrum (Lair:2)
  4 wolf simulacra (Lair:2)
  An acid dragon zombie (Crypt:1)
  A tengu skeleton (Coc:4)
  2 hound zombies (D:8)
  A hound skeleton (D:4)
  6 mummies
  17 adders
  25 gnolls
  11 shadow imps
  27 white imps
  9 ufetubi
  5 oozes
  2 adder zombies
  An adder skeleton (D:4)
  2 worms
  2 dart slugs (D:1)
  2 leopard geckos
  141 orcs
  A ball python (D:6)
  4 bats
  7 giant cockroaches
  7 goblins
  13 hobgoblins
  7 jackals
  10 kobolds
  6 quokkas
  A river rat zombie (Crypt:1)
  2 ball python skeletons (Ossuary)
  8 frilled lizards
  A hobgoblin skeleton (Ossuary)
  2 hobgoblin zombies
  A kobold skeleton (Crypt:2)
  3 kobold zombies
  A leopard gecko skeleton (Crypt:1)
  2 orc skeletons
  3 orc zombies
  10 rats
  3 river rat simulacra (Lair:2)
  A crawling corpse (Depths:4)
  A fungus (Lair:2)
  A lurking horror (Abyss:1)
  A plant (Shoals:4)
  4 starspawn tentacles
  4 tentacles
3797 creatures vanquished.

Vanquished Creatures (collateral kills)
  Antaeus (Coc:7)
  An ancient lich (Zot:3)
  Boris (Crypt:2)
  Margery (Crypt:3)
  A Killer Klown (Zot:5)
  A golden dragon (Zot:5)
  An Ice Fiend (Coc:7)
  A titan (Vaults:5)
  3 Orb Guardians (Zot:5)
  A lich (Depths:4)
  A death cob (Zot:5)
  Polyphemus (Shoals:3)
  Ilsuiw (Shoals:3)
  A frost giant (Depths:2)
  A draconian shifter (Zot:3)
  3 vault wardens
  A balrug (Depths:4)
  A fire giant (Depths:4)
  3 ironheart preservers
  3 reapers
  2 vampire knights (Crypt:3)
  A red draconian (Zot:5)
  A yellow draconian (Zot:5)
  A blizzard demon (Depths:4)
  2 merfolk javelineers (Shoals:4)
  A quicksilver dragon zombie (Crypt:1)
  A jiangshi (Crypt:2)
  A deep elf death mage (Vaults:1)
  An ogre mage (Vaults:2)
  A merfolk impaler (Shoals:4)
  3 vault guards
  An ice dragon (Depths:4)
  2 merfolk avatars (Shoals:4)
  A satyr (Shoals:4)
  5 dancing weapons
  A centaur warrior (Vaults:1)
  A tengu warrior (Depths:4)
  A deep troll shaman (Depths:1)
  A two-headed ogre (Vaults:2)
  An orc high priest (Elf:2)
  A deep elf knight (Elf:2)
  A titan skeleton (Crypt:3)
  2 sun demons (Depths:4)
  4 skeletal warriors
  3 hell knights (Crypt:3)
  A shadow wraith (Vaults:1)
  A torturous demonspawn (Depths:2)
  A deep troll (Depths:2)
  2 ironbrand convokers
  A phantasmal warrior (Crypt:2)
  A golden dragon skeleton (Crypt:1)
  2 deep elf archers
  2 necromancers (Crypt:3)
  An ugly thing (Vaults:1)
  9 deep elf magi
  A fire giant zombie (Crypt:3)
  A cyclops (Shoals:4)
  A rust devil (Depths:2)
  3 yaktaurs
  An alligator snapping turtle skeleton (Crypt:2)
  A hellwing (Depths:4)
  A tengu conjurer (Depths:4)
  A jumping spider (shapeshifter) (Depths:5)
  2 guardian mummies (Depths:4)
  A merfolk (Shoals:3)
  A snapping turtle (Shoals:3)
  2 vampires (Depths:4)
  2 orc warriors
  A necrophage (Crypt:3)
  An ogre (Vaults:2)
  A centaur (Vaults:1)
  A yaktaur zombie (Crypt:2)
  A wight (Crypt:1)
  A quasit (Depths:2)
  A mummy (Depths:4)
  2 shadow imps (Depths:2)
  An orc (Elf:2)
  A plant (Shoals:4)
118 creatures vanquished.

Vanquished Creatures (others)
  A shard shrike (Coc:7)
  3 eldritch tentacles
  2 elemental wellsprings
  A blizzard demon (Coc:2)
  An ice dragon (shapeshifter) (Vaults:5)
  A hell hog (Abyss:3)
  A skeletal warrior (Depths:5)
  2 necromancers
  A wolf spider (Vaults:5)
  An iron dragon zombie (Coc:2)
  2 moths of wrath (Zot:5)
  An ice devil (Hell)
  A blink frog (Abyss:3)
  A flying skull (Coc:7)
  A basilisk (Lair:6)
  A small abomination (Abyss:3)
  A swamp worm (Lair:4)
  An orc warrior (Vaults:1)
  A centaur (Vaults:2)
  A spriggan zombie (Coc:7)
  A shadow imp (Abyss:1)
  6 white imps (IceCv)
  9 ufetubi (IceCv)
  2 ball lightnings (Depths:4)
  A crawling corpse (Depths:4)
  24 fungi
  A lurking horror (Abyss:1)
  43 plants
  14 starspawn tentacles (Abyss:1)
  18 tentacles
  5 withered plants
149 creatures vanquished.

Grand Total: 4064 creatures vanquished

Notes
Turn   | Place    | Note
-------+----------+-------------------------------------------
     0 | D:1      | Ihlosi the Human Gladiator began the quest for the Orb.
     0 | D:1      | Reached XP level 1. HP: 16/16 MP: 1/1
   224 | D:1      | Reached XP level 2. HP: 18/22 MP: 2/2
   538 | D:1      | Reached XP level 3. HP: 28/28 MP: 3/3
   556 | D:1      | Reached skill level 1 in Stealth
   920 | D:2      | Found a sparkling altar of Nemelex Xobeh.
   976 | D:2      | Reached skill level 1 in Armour
  1024 | D:2      | Reached XP level 4. HP: 28/34 MP: 4/4
  1091 | D:2      | Reached XP level 5. HP: 26/41 MP: 3/5
  2061 | D:3      | Reached XP level 6. HP: 31/47 MP: 4/6
  2637 | D:3      | Found a hazy altar of Hepliaklqana.
  2935 | D:3      | Found an opulent altar of Gozag.
  3039 | D:3      | Noticed Terence
  3044 | D:3      | Killed Terence
  3044 | D:3      | Reached skill level 5 in Long Blades
  3140 | D:4      | Found a shimmering altar of Xom.
  3140 | D:4      | Noticed an ogre
  3210 | D:4      | Got a transparent war axe
  3239 | D:3      | Identified the +5 war axe of Analysis {elec, *Noise rF++
                  | rC+ Int+4} (You found it on level 4 of the Dungeon)
  3592 | D:4      | Reached XP level 7. HP: 37/53 MP: 3/7
  4385 | D:5      | Entered Level 5 of the Dungeon
  5377 | D:5      | Reached XP level 8. HP: 61/61 MP: 8/8
  5389 | D:6      | Noticed a hippogriff
  5394 | D:6      | Reached skill level 5 in Armour
  5396 | D:6      | Found a blossoming altar of Fedhas.
  5406 | D:5      | Reached skill level 5 in Fighting
  5415 | D:5      | Killed a hippogriff
  5536 | D:6      | HP: 3/63 [wight/enchanted great sword (4)]
  5710 | D:6      | Found a bloodstained altar of Trog.
  5765 | D:6      | Noticed Grinder
  5776 | D:6      | Killed Grinder
  5776 | D:6      | Reached XP level 9. HP: 62/72 MP: 9/9
  5793 | D:6      | Gained mutation: You are partially covered in large bone
                  | plates. (SH +4) [potion of mutation]
  5793 | D:6      | Gained mutation: You occasionally shout uncontrollably at
                  | your foes. [potion of mutation]
  5793 | D:6      | Gained mutation: You are robust. (+10% HP) [potion of
                  | mutation]
  5793 | D:6      | Gained mutation: Your spells are a little harder to cast,
                  | but a little more powerful. [potion of mutation]
  6278 | D:7      | Reached skill level 1 in Evocations
  6371 | D:7      | Found a runed gate.
  6371 | D:7      | Found a runed gate.
  6376 | D:7      | Found a runed gate.
  6378 | D:7      | Noticed hemabe's ghost (novice HuAr)
  6529 | D:7      | Noticed Duvessa
  6530 | D:7      | Noticed Dowan
  6534 | D:7      | Killed Duvessa
  6542 | D:7      | Killed Dowan
  6659 | D:7      | Noticed Prince Ribbit
  6679 | D:7      | Reached XP level 10. HP: 73/90 MP: 11/11
  6843 | D:7      | Found a white marble altar of Elyvilon.
  6885 | D:7      | Lost mutation: You are partially covered in large bone
                  | plates. (SH +4) [potion of mutation]
  6885 | D:7      | Lost mutation: You occasionally shout uncontrollably at
                  | your foes. [potion of mutation]
  6885 | D:7      | Gained mutation: Your muscles are strong. (Str +2) [potion
                  | of mutation]
  6885 | D:7      | Gained mutation: You expend magic power (3 MP) to
                  | strengthen your wands. [potion of mutation]
  6993 | D:7      | Found a staircase to the Ecumenical Temple.
  7049 | D:7      | Found an ornate altar of the Wu Jian Council.
  7049 | D:7      | Found a stormy altar of Qazlal.
  7054 | D:7      | Found a faded altar of an unknown god.
  7056 | D:7      | Found a shadowy altar of Dithmenos.
  7057 | D:7      | Found a deep blue altar of Sif Muna.
  7092 | D:7      | Killed Prince Ribbit
  7262 | D:7      | Noticed Chr0nify's ghost (novice MiBe)
  7535 | D:8      | Noticed a two-headed ogre
  7551 | D:8      | Killed a two-headed ogre
  7624 | D:8      | Found a sand-covered staircase.
  7631 | Ossuary  | Entered an ossuary
  7851 | Ossuary  | Reached XP level 11. HP: 97/97 MP: 13/13
  7951 | D:8      | Found a snail-covered altar of Cheibriados.
  8056 | D:8      | Found Nesyfretz's Book Boutique.
  8142 | D:8      | Found Cebass's Armour Shop.
  8582 | D:8      | Noticed a centaur warrior
  8589 | D:8      | Killed a centaur warrior
  8705 | D:8      | Noticed a cyan ugly thing
  8707 | D:8      | Noticed a fire giant
  8864 | Temple   | Entered the Ecumenical Temple
  8903 | Temple   | Became a worshipper of the Shining One
  9072 | D:9      | Noticed a deep elf mage
  9077 | D:9      | Killed a deep elf mage
  9173 | D:9      | Found a transporter.
  9179 | D:9      | Noticed Flure's ghost (novice DEFE)
  9262 | D:9      | Found a transporter.
  9333 | D:9      | Noticed a two-headed ogre
  9341 | D:9      | Killed a two-headed ogre
  9341 | D:9      | Reached skill level 10 in Fighting
  9341 | D:9      | Reached skill level 1 in Invocations
  9508 | D:9      | Found a staircase to the Orcish Mines.
  9544 | D:9      | Reached skill level 10 in Long Blades
  9623 | D:9      | Found a burning altar of Makhleb.
  9647 | D:9      | Reached * piety under the Shining One
  9767 | D:9      | Got an ancient golden ring
  9768 | D:9      | Identified the ring "Halaroev" {Wiz rC++} (You found it on
                  | level 9 of the Dungeon)
  9845 | D:10     | Entered Level 10 of the Dungeon
 10026 | D:10     | Reached skill level 5 in Evocations
 10130 | D:10     | Reached XP level 12. HP: 98/107 MP: 15/15
 10352 | D:10     | Found a staircase to the Lair.
 10408 | D:10     | Noticed a two-headed ogre
 10413 | D:10     | Killed a two-headed ogre
 10456 | D:10     | Noticed a two-headed ogre
 10462 | D:10     | Killed a two-headed ogre
 10522 | D:10     | Reached skill level 5 in Dodging
 10812 | D:11     | Noticed a two-headed ogre
 10867 | D:11     | Noticed a two-headed ogre
 10878 | D:11     | Killed a two-headed ogre
 10891 | D:11     | Killed a two-headed ogre
 10977 | D:11     | Reached ** piety under the Shining One
 11834 | D:11     | You fall through a shaft for 2 floors!
 11891 | D:13     | Reached XP level 13. HP: 116/116 MP: 17/17
 11906 | D:13     | Reached skill level 5 in Invocations
 11952 | D:12     | Found a flagged portal.
 12001 | Bailey   | Entered a bailey
 13139 | D:12     | Reached *** piety under the Shining One
 13210 | D:12     | Noticed Fannar
 13231 | D:12     | Killed Fannar
 13231 | D:12     | Reached skill level 10 in Armour
 13984 | Lair:1   | Entered Level 1 of the Lair of Beasts
 14219 | Lair:1   | Got an ichor-stained chain mail
 14230 | Lair:1   | Identified the +6 chain mail of Insurance {rPois Regen+}
                  | (You found it on level 1 of the Lair of Beasts)
 14447 | Lair:1   | Found a runed door.
 14449 | Lair:1   | Noticed Zarkath's ghost (journeyman DsGl)
 14697 | Lair:2   | Found a runed gate.
 14697 | Lair:2   | Found a runed gate.
 14697 | Lair:2   | Found a runed gate.
 14708 | Lair:2   | Noticed Cykl0x's ghost (journeyman GrFi)
 14711 | Lair:2   | Noticed a minotaur
 14711 | Lair:2   | Noticed an eight-headed hydra
 14777 | Lair:2   | Reached XP level 14. HP: 63/129 MP: 17/19
 14980 | Lair:2   | Got a bloodstained war axe
 14982 | Lair:2   | Identified the +7 war axe "Fechij" {flame, Int+3 Stlth+}
                  | (You found it on level 2 of the Lair of Beasts)
 15041 | Lair:2   | Reached **** piety under the Shining One
 15639 | Lair:2   | Found a hole to the Spider Nest.
 15984 | Lair:2   | Found a staircase to the Shoals.
 16506 | Lair:3   | Identified a scroll of acquirement
 16507 | Lair:3   | Got a flickering platinum amulet
 16584 | Lair:3   | Found a labyrinth entrance.
 16592 | Lab      | Entered a labyrinth
 16688 | Lab      | Noticed a minotaur
 16711 | Lab      | Killed a minotaur
 16714 | Lab      | Got a blackened shortbow
 16714 | Lab      | Got a faintly humming ring mail
 16795 | Lab      | Identified the +4 shortbow of Wobbenac {speed, *Slow rElec
                  | rF+++ Str+4} (You took it off a minotaur in a labyrinth)
 16807 | Lab      | Identified the +5 ring mail of Ronemn {MP+9 Dex+6 Stlth-}
                  | (You took it off a minotaur in a labyrinth)
 17538 | Lair:4   | Identified the amulet of Spontaneous Combustion {Acrobat
                  | rC+ rN++ Dex-4} (You acquired it on level 3 of the Lair of
                  | Beasts)
 18057 | Lair:5   | Reached ***** piety under the Shining One
 18067 | Lair:5   | Noticed Josephine
 18082 | Lair:5   | Killed Josephine
 18361 | Lair:5   | Reached XP level 15. HP: 134/139 MP: 2/21
 19274 | D:7      | Killed Chr0nify's ghost
 19285 | D:7      | Killed hemabe's ghost
 19369 | D:8      | Killed a fire giant
 19369 | D:8      | Reached skill level 15 in Fighting
 19675 | D:9      | Killed Flure's ghost
 19819 | Lair:1   | Killed Zarkath's ghost
 19909 | Lair:6   | Entered Level 6 of the Lair of Beasts
 20436 | Lair:6   | Found a stormy altar of Qazlal.
 20759 | Lair:6   | HP: 7/143 [catoblepas (7)]
 21981 | Lair:6   | Found a staircase to the Slime Pits.
 22038 | Lair:6   | Reached XP level 16. HP: 151/151 MP: 23/23
 22361 | Lair:1   | Killed Cykl0x's ghost
 22750 | Orc:1    | Entered Level 1 of the Orcish Mines
 22885 | Orc:1    | Noticed Urug
 23006 | Orc:1    | Reached ****** piety under the Shining One
 23097 | Orc:1    | Killed Urug
 23097 | Orc:1    | Reached skill level 15 in Long Blades
 23307 | Orc:2    | Entered Level 2 of the Orcish Mines
 23321 | Orc:2    | Found Vunimof's Gadget Boutique.
 23349 | Orc:2    | Found a runed gate.
 23349 | Orc:2    | Found a runed gate.
 23362 | Orc:2    | Found a runed gate.
 23387 | Orc:2    | Found Kymempie's Gadget Shoppe.
 23399 | Orc:2    | Noticed chimenez's ghost (journeyman GrFi)
 23992 | Orc:2    | Found Ixutom's Antique Armour Shop.
 23992 | Orc:2    | Found Ykix Heg's Weapon Emporium.
 23994 | Orc:2    | Found Yxiuck's Magic Scroll Shoppe.
 23997 | Orc:2    | Found Eroyriph's Armour Boutique.
 24024 | Orc:2    | Bought a pair of runed gloves for 225 gold pieces
 24036 | Orc:2    | Bought an embroidered scarf for 240 gold pieces
 24091 | Orc:2    | Found a staircase to the Elven Halls.
 24111 | Orc:2    | Found a roughly hewn altar of Beogh.
 24166 | Orc:2    | Found Kaskovint's Distillery.
 24580 | Elf:1    | Entered Level 1 of the Elven Halls
 24967 | Elf:1    | Reached skill level 10 in Invocations
 25598 | Elf:1    | Reached XP level 17. HP: 84/163 MP: 12/24
 25771 | Elf:1    | Reached skill level 10 in Dodging
 25825 | Elf:1    | Got a dazzling chain mail
 25836 | Elf:1    | Identified the +5 chain mail "Bobak" {rElec rF+} (You found
                  | it on level 1 of the Elven Halls)
 26775 | Elf:2    | Found a runed gate.
 26775 | Elf:2    | Found a runed gate.
 26787 | Elf:2    | Found a runed gate.
 26871 | Elf:2    | Got a steaming chain mail
 26882 | Elf:2    | Identified the cursed +0 chain mail of Morality {rPois MR+
                  | Dex-5 SInv} (You found it on level 2 of the Elven Halls)
 27290 | Elf:2    | Reached skill level 15 in Armour
 27413 | Elf:2    | Noticed a deep elf blademaster
 27420 | Elf:2    | Killed a deep elf blademaster
 28295 | D:13     | Found a gate to the Vaults.
 28318 | D:13     | Reached skill level 1 in Crossbows
 28798 | D:14     | Noticed Agnes
 28808 | D:14     | Killed Agnes
 28832 | D:14     | Was placed under penance by the Shining One
 28964 | D:14     | Was forgiven by the Shining One
 28984 | D:14     | Found a white marble altar of Elyvilon.
 29154 | D:14     | Reached XP level 18. HP: 169/176 MP: 26/26
 29570 | D:15     | Entered Level 15 of the Dungeon
 29601 | D:15     | Got a shimmering hand crossbow
 29602 | D:15     | Identified the +2 hand crossbow "Buyrenk" {penet, Fragile
                  | rC+ Int+6 Stlth-} (You found it on level 15 of the Dungeon)
 29767 | D:15     | Got a crude mace
 29768 | D:15     | Identified the +6 mace "Seufo" {flame, +Rage rElec} (You
                  | found it on level 15 of the Dungeon)
 30094 | D:15     | Found a staircase to the Depths.
 30271 | D:15     | Noticed Roxanne
 30721 | Spider:1 | Entered Level 1 of the Spider Nest
 30937 | Spider:1 | Found a runed door.
 30938 | Spider:1 | Noticed Ge0ff's ghost (novice BaHu)
 31044 | Spider:1 | Got a scorched hand crossbow
 31076 | Spider:1 | Identified the cursed +0 hand crossbow "Imp's Death Toll"
                  | {velocity, *Slow +Blink Str+2} (You took it off an entropy
                  | weaver on level 1 of the Spider Nest)
 31441 | Spider:1 | Killed Ge0ff's ghost
 31829 | Spider:2 | Got a shimmering ring mail
 33291 | Spider:3 | Reached XP level 19. HP: 185/185 MP: 28/28
 33327 | Spider:4 | Entered Level 4 of the Spider Nest
 33367 | Spider:3 | Noticed Asterion
 33390 | Spider:3 | Killed Asterion
 34120 | Spider:4 | Got a spiked scale mail
 34136 | Spider:4 | Identified the +4 scale mail of the Gate {+Blink Str+2}
                  | (You found it on level 4 of the Spider Nest)
 34146 | Spider:4 | Identified the cursed +0 ring mail "Deaqym" {rElec rPois
                  | Regen+ Str+4 Dex-3} (You found it on level 2 of the Spider
                  | Nest)
 34603 | Spider:4 | Reached skill level 5 in Crossbows
 35461 | Spider:4 | Got a gossamer rune of Zot
 35915 | Orc:2    | Killed chimenez's ghost
 36160 | Vaults:1 | Entered Level 1 of the Vaults
 36668 | Vaults:1 | Reached XP level 20. HP: 192/195 MP: 21/29
 36932 | Vaults:1 | Paralysed by a floating eye for 2 turns
 38074 | Vaults:1 | Found the +11 plutonium sword {*Contam Stlth-}
 38166 | Vaults:1 | Got a heavy robe
 38259 | Vaults:1 | Identified the cursed +1 robe of Fuaheq {rPois Int+2
                  | Slay+2} (You found it on level 1 of the Vaults)
 38288 | Vaults:1 | Got a bloodstained plate armour
 38299 | Vaults:1 | Identified the +1 plate armour of Noon {rF+ Int+4 Dex+8}
                  | (You found it on level 1 of the Vaults)
 38338 | Vaults:1 | Got a slimy dagger
 38339 | Vaults:1 | Identified the +3 dagger "Beastslayer" {protect, +Rage
                  | rPois Int+4 Dex+4} (You found it on level 1 of the Vaults)
 38711 | Depths:1 | Entered Level 1 of the Depths
 39625 | Depths:1 | Found a gateway to Hell.
 39862 | Depths:1 | Found a runed door.
 40082 | Depths:2 | Learned a level 2 spell: Passwall
 40171 | Depths:2 | Reached XP level 21. HP: 181/205 MP: 31/31
 40707 | Depths:2 | Found a one-way gate leading to the halls of Pandemonium.
 40769 | Depths:2 | Reached skill level 1 in Transmutations
 40793 | Depths:2 | Reached skill level 1 in Spellcasting
 40925 | Depths:2 | Reached skill level 1 in Earth Magic
 41498 | Depths:3 | Got a wavering turquoise ring
 41499 | Depths:3 | Identified the cursed ring of Gofoqepp {rF++ Str-2 Dex-2}
                  | (You took it off a deep elf sorcerer on level 3 of the
                  | Depths)
 41506 | Depths:3 | Got a twitching wooden ring
 41509 | Depths:3 | Identified the ring of Suuliz {rPois Int+6 Stlth-} (You
                  | found it on level 3 of the Depths)
 41759 | Depths:3 | Found a shattered altar of Ashenzari.
 41809 | Depths:3 | Noticed a caustic shrike
 41810 | Depths:3 | a caustic shrike changed into an iron troll
 42151 | Depths:3 | Noticed a lich
 42158 | Depths:3 | Killed a lich
 42326 | Depths:3 | Noticed a golden dragon
 42333 | Depths:3 | Killed a golden dragon
 42602 | Depths:3 | Got a clouded golden ring
 42608 | Depths:3 | Identified the ring of Nety {*Corrode rElec MR+ AC+3} (You
                  | found it on level 3 of the Depths)
 42740 | Depths:3 | Found a one-way gate to the infinite horrors of the Abyss.
 43258 | Shoals:1 | Entered Level 1 of the Shoals
 43284 | Shoals:1 | Reached XP level 22. HP: 198/217 MP: 32/32
 44038 | Shoals:2 | Found a frozen archway.
 44059 | IceCv    | Entered an ice cave
 44208 | IceCv    | Found the +0 pair of fencer's gloves {+Riposte Dex+3}
 45097 | Shoals:3 | Noticed Ilsuiw
 45186 | Shoals:3 | Noticed Polyphemus
 45188 | Shoals:3 | Killed Ilsuiw
 45202 | Shoals:3 | Killed Polyphemus
 45457 | Shoals:3 | Found a basalt altar of Yredelemnul.
 45702 | Shoals:4 | Entered Level 4 of the Shoals
 46027 | Shoals:3 | Found an opulent altar of Gozag.
 46841 | Shoals:4 | Got a barnacled rune of Zot
 47233 | Shoals:4 | Reached XP level 23. HP: 219/227 MP: 8/34
 48280 | Vaults:2 | Reached skill level 15 in Invocations
 49770 | Depths:1 | Reached skill level 5 in Spellcasting
 49787 | Depths:1 | Got a bound bone ring
 49788 | Depths:1 | Identified the ring of Xom's Castigation {Ice +Fly Int-3
                  | Dex+8 Stlth+} (You found it on level 1 of the Depths)
 52181 | Vaults:3 | Noticed Xtahua
 53895 | Depths:4 | Found a large runed door.
 53896 | Depths:4 | Found a large runed door.
 54032 | Depths:4 | Reached XP level 24. HP: 237/237 MP: 34/34
 54682 | Depths:5 | Entered Level 5 of the Depths
 55135 | Slime:1  | Entered Level 1 of the Pits of Slime
 55249 | Slime:2  | Reached skill level 10 in Crossbows
 55301 | Slime:2  | Gained mutation: You tend to lose your temper in combat. [a
                  | shining eye]
 56968 | Slime:5  | Entered Level 5 of the Pits of Slime
 58154 | Slime:5  | Noticed the Royal Jelly
 58780 | Slime:5  | Killed the Royal Jelly
 59042 | Slime:5  | Lost mutation: Your spells are a little harder to cast, but
                  | a little more powerful. [a shining eye]
 59562 | Slime:5  | Got a faintly glowing crystal amulet
 59573 | Slime:5  | Got a clouded tin ring
 59576 | Slime:5  | Got a slimy rune of Zot
 59872 | Slime:5  | Got a slimy war axe
 60128 | Lair:2   | Identified the +9 war axe of Ycoapeir {freeze, rF+ rC+
                  | Str+2 Int+3} (You found it on level 5 of the Pits of Slime)
 60129 | Lair:2   | Identified the amulet of Foedaeko {Regen+ Str+8 Int+2
                  | Stlth+} (You found it on level 5 of the Pits of Slime)
 60130 | Lair:2   | Identified the ring "Qyhaow" {+Inv rPois rF+ Str+4 Int+4}
                  | (You found it on level 5 of the Pits of Slime)
 60494 | Vaults:3 | Killed Xtahua
 60547 | Vaults:3 | Reached skill level 1 in Axes
 60621 | Vaults:3 | Reached XP level 25. HP: 68/247 MP: 33/35
 60925 | Vaults:3 | Got a crystal rapier {freeze}
 60929 | Vaults:3 | Noticed Sojobo
 60950 | Vaults:3 | Killed Sojobo
 61078 | Vaults:3 | Identified the +6 rapier of Disembowelment {freeze, rPois
                  | rC+ MP+9 Dex-4} (You took it off a vault sentinel on level
                  | 3 of the Vaults)
 61335 | Vaults:3 | Got a warped plate armour
 61336 | Vaults:3 | Identified the +1 plate armour of Tartarus {rC++} (You
                  | found it on level 3 of the Vaults)
 61688 | Vaults:3 | Got a crude glaive
 61689 | Vaults:3 | Identified the +6 glaive "Faitirae" {drain, Str+4 Int+2}
                  | (You found it on level 3 of the Vaults)
 61800 | Vaults:3 | Found a staircase to the Crypt.
 61835 | Crypt:1  | Entered Level 1 of the Crypt
 62164 | Crypt:1  | Learned a level 2 spell: Song of Slaying
 62702 | Crypt:2  | Noticed Frederick
 62825 | Crypt:2  | Killed Frederick
 63441 | Crypt:2  | Noticed Boris
 63449 | Crypt:2  | Killed Boris
 63607 | Crypt:3  | Entered Level 3 of the Crypt
 63707 | Crypt:3  | Reached XP level 26. HP: 255/256 MP: 35/35
 63772 | Crypt:3  | Reached skill level 5 in Axes
 63811 | Crypt:3  | Got an ivory glaive
 63812 | Crypt:3  | Identified the +4 glaive "Waxujo Orone" {freeze, rF+} (You
                  | found it on level 3 of the Crypt)
 63846 | Crypt:3  | Noticed Margery
 63851 | Crypt:3  | Paralysed by a vampire knight for 3 turns
 63857 | Crypt:3  | Killed Margery
 63907 | Crypt:3  | Noticed Boris
 63918 | Crypt:3  | Killed Boris
 64123 | Crypt:3  | Found a staircase to the Tomb.
 64336 | Crypt:3  | Got a bound amber ring
 64336 | Crypt:3  | Got a scorched copper ring
 64336 | Crypt:3  | Got a steaming amber ring
 64337 | Crypt:3  | Identified the ring of Zarghef {rN+ MR+} (You found it on
                  | level 3 of the Crypt)
 64338 | Crypt:3  | Identified the ring "Den Lyg" {rF+ rN+ Int+2 Stlth+} (You
                  | found it on level 3 of the Crypt)
 64339 | Crypt:3  | Identified the ring of the Wild Haggis {rPois rN+ Str-4
                  | SInv} (You found it on level 3 of the Crypt)
 64411 | Crypt:3  | Noticed an ancient lich
 64422 | Crypt:3  | Killed an ancient lich
 64431 | Crypt:3  | Found an ancient bone altar of Kikubaaqudgha.
 64449 | Crypt:3  | Identified Tuasiloi's Catalogue of Black Rituals
 64459 | Crypt:3  | Got a crude long sword
 64460 | Crypt:3  | Identified the +3 long sword of the Owl {freeze, *Corrode
                  | rF++ rC++} (You found it on level 3 of the Crypt)
 65511 | Depths:5 | Noticed an ancient lich
 65526 | Depths:5 | Killed an ancient lich
 65526 | Depths:5 | Reached skill level 1 in Charms
 65567 | Depths:5 | Noticed a juggernaut
 65600 | Depths:5 | Killed a juggernaut
 65698 | Depths:5 | Identified the Almanac of Sinister Magic
 65810 | Depths:5 | Noticed Saint Roka
 66011 | Depths:5 | Killed Saint Roka
 66102 | Depths:5 | Reached XP level 27. HP: 196/263 MP: 36/36
 66191 | Depths:5 | Found a gate to the Realm of Zot.
 66404 | Depths:5 | Found a gateway to a ziggurat.
 66863 | Zot:1    | Entered Level 1 of the Realm of Zot
 67609 | Zot:1    | Was placed under penance by the Shining One
 68728 | Hell     | Entered the Vestibule of Hell
 68728 | Hell     | Noticed Geryon
 68728 | Hell     | Noticed Murray
 68900 | Depths:1 | Killed Murray
 69463 | Hell     | Killed Geryon
 69600 | Hell     | Found a gateway to the ashen valley of Gehenna.
 69686 | Hell     | Found a gateway to the decaying netherworld of Tartarus.
 69719 | Hell     | Reached skill level 5 in Stealth
 69867 | Hell     | Found a gateway to the freezing wastes of Cocytus.
 69970 | Hell     | Found a gateway to the Iron City of Dis.
 70137 | Coc:1    | Entered Level 1 of Cocytus
 70417 | Coc:3    | Was forgiven by the Shining One
 70637 | Coc:4    | Noticed a shard shrike
 70959 | Lair:2   | Lost mutation: You expend magic power (3 MP) to strengthen
                  | your wands. [potion of mutation]
 70959 | Lair:2   | Lost mutation: Your muscles are strong. (Str +2) [potion of
                  | mutation]
 70959 | Lair:2   | Lost mutation: You are robust. (+10% HP) [potion of
                  | mutation]
 70959 | Lair:2   | Gained mutation: You are resistant to hostile enchantments.
                  | (MR+) [potion of mutation]
 70959 | Lair:2   | Gained mutation: Armour fits poorly on your strangely
                  | shaped body. [potion of mutation]
 70959 | Lair:2   | Gained mutation: You are partially covered in icy blue
                  | scales. (AC +2) [potion of mutation]
 70960 | Lair:2   | Lost mutation: You are resistant to hostile enchantments.
                  | (MR+) [potion of mutation]
 70960 | Lair:2   | Lost mutation: You tend to lose your temper in combat.
                  | [potion of mutation]
 70960 | Lair:2   | Lost mutation: Armour fits poorly on your strangely shaped
                  | body. [potion of mutation]
 70960 | Lair:2   | Gained mutation: Your muscles are strong. (Str +2) [potion
                  | of mutation]
 70960 | Lair:2   | Gained mutation: You evolve. [potion of mutation]
 73063 | Zot:3    | Reached skill level 27 in Fighting
 73532 | Zot:3    | Noticed an ancient lich
 73546 | Zot:3    | Killed an ancient lich
 73622 | Zot:3    | Noticed an orb of fire
 73641 | Zot:3    | Killed an orb of fire
 73914 | Zot:5    | Entered Level 5 of the Realm of Zot
 75092 | Orc:2    | Bought a scroll of enchant armour for 97 gold pieces
 75092 | Orc:2    | Bought a scroll of enchant armour for 97 gold pieces
 75092 | Orc:2    | Bought 3 scrolls of remove curse for 117 gold pieces
 75092 | Orc:2    | Bought a scroll of enchant armour for 97 gold pieces
 75092 | Orc:2    | Bought a scroll of identify for 26 gold pieces
 75092 | Orc:2    | Bought a scroll of immolation for 45 gold pieces
 75092 | Orc:2    | Bought a scroll of enchant armour for 97 gold pieces
 75092 | Orc:2    | Bought a scroll of immolation for 45 gold pieces
 75189 | Elf:3    | Entered Level 3 of the Elven Halls
 75515 | Elf:3    | Got a sparkling golden ring
 75555 | Elf:3    | Found a radiant altar of Vehumet.
 75597 | Elf:3    | Got a slimy chain mail
 76367 | Elf:3    | Identified the +11 chain mail "Niddee" {+Inv Str-4 SInv
                  | Stlth+} (You found it on level 3 of the Elven Halls)
 76369 | Elf:3    | Identified the ring of Raxix {+Fly rF- Dex+8 Slay+3 Stlth-}
                  | (You took it off a deep elf mage on level 3 of the Elven
                  | Halls)
 77224 | Elf:3    | Identified the Guide on Twisted Hexes
 77271 | Elf:3    | Got a wavering silver ring
 77317 | Elf:3    | Identified the ring "Faesin" {rPois rC- Int+3 Dex+4 Stlth+}
                  | (You took it off a deep elf high priest on level 3 of the
                  | Elven Halls)
 77321 | Elf:3    | Got a fine short sword {pierce}
 77340 | Elf:3    | Identified the Grimoire of Helpful Earth
 78043 | Depths:4 | Reached skill level 10 in Spellcasting
 78454 | Depths:4 | Identified the +11 short sword "Wufruy" {pierce, +Fly Dex+5
                  | Stlth-} (You took it off a deep elf sorcerer on level 3 of
                  | the Elven Halls)
 79947 | Vaults:4 | Found Poybuno's Armour Boutique.
 80225 | Vaults:5 | Entered Level 5 of the Vaults
 80336 | Vaults:5 | Noticed an ancient lich
 80339 | Vaults:5 | Reached skill level 15 in Dodging
 80339 | Vaults:5 | Noticed an ancient lich
 80346 | Vaults:5 | Killed an ancient lich
 80349 | Vaults:5 | Noticed an ancient lich
 80351 | Vaults:5 | Killed an ancient lich
 80377 | Vaults:4 | Killed an ancient lich
 81336 | Vaults:5 | Got a coiled jade ring
 81453 | Vaults:5 | Found Buly's Food Shop.
 81464 | Vaults:5 | Found Douvahi's Food Shoppe.
 81476 | Vaults:5 | Found Toruzopp's Magic Scroll Boutique.
 81476 | Vaults:5 | Found Bonouxze's Magic Scroll Emporium.
 81480 | Vaults:5 | Bought a scroll of acquirement for 1092 gold pieces
 81480 | Vaults:5 | Bought a scroll of teleportation for 63 gold pieces
 81480 | Vaults:5 | Bought a scroll of identify for 42 gold pieces
 81480 | Vaults:5 | Bought a scroll of teleportation for 63 gold pieces
 81480 | Vaults:5 | Bought a scroll of teleportation for 63 gold pieces
 81480 | Vaults:5 | Bought a scroll of identify for 42 gold pieces
 81480 | Vaults:5 | Bought a scroll of identify for 42 gold pieces
 81480 | Vaults:5 | Bought a scroll of fear for 73 gold pieces
 81480 | Vaults:5 | Bought a scroll of fog for 42 gold pieces
 81480 | Vaults:5 | Bought a scroll of enchant weapon for 157 gold pieces
 81481 | Vaults:5 | Identified the ring "Siatof" {*Tele rN+ Str-3 Int-4 Dex+9}
                  | (You took it off a vault warden on level 5 of the Vaults)
 81489 | Vaults:5 | Got a pair of faintly glowing gloves
 81500 | Vaults:5 | Identified the +0 pair of gloves of Tauxt {rPois Int+2}
                  | (You acquired it on level 5 of the Vaults)
 81530 | Vaults:5 | Found Rextegh's Food Shop.
 81531 | Vaults:5 | Bought a scroll of identify for 46 gold pieces
 81531 | Vaults:5 | Bought a scroll of identify for 46 gold pieces
 81531 | Vaults:5 | Bought a scroll of identify for 46 gold pieces
 81531 | Vaults:5 | Bought a scroll of teleportation for 69 gold pieces
 81531 | Vaults:5 | Bought a scroll of teleportation for 69 gold pieces
 81531 | Vaults:5 | Bought a scroll of identify for 46 gold pieces
 81531 | Vaults:5 | Bought a scroll of identify for 46 gold pieces
 81545 | Vaults:5 | Found Hih Nese's Distillery.
 81557 | Vaults:5 | Found Doatz's Distillery.
 81557 | Vaults:5 | Found Goynam's Distillery.
 81874 | Vaults:5 | Identified Ocuita's Disquisition on the Mountains
 81891 | Vaults:5 | Got a brightly glowing spear
 81892 | Vaults:5 | Identified the +9 spear of Indignation {drain, +Rage rF+
                  | Int+3} (You found it on level 5 of the Vaults)
 82032 | Vaults:5 | Got a scorched glass ring
 82055 | Vaults:5 | Identified the ring "Nikamop" {rPois Int+2} (You took it
                  | off a fire giant on level 5 of the Vaults)
 82088 | Vaults:5 | Bought a potion of heal wounds for 100 gold pieces
 82088 | Vaults:5 | Bought 2 potions of heal wounds for 200 gold pieces
 82095 | Vaults:5 | Bought 2 potions of heal wounds for 150 gold pieces
 82106 | Vaults:5 | Bought a potion of experience for 1000 gold pieces
 82373 | Vaults:5 | Got a silver rune of Zot
 82543 | Vaults:5 | Learned a level 6 spell: Statue Form
 82734 | Vaults:5 | Got a crystal short sword
 82735 | Vaults:5 | Identified the +3 short sword "Ipul" {pierce, rF+ rN+ MR+
                  | Stlth-} (You found it on level 5 of the Vaults)
 82788 | Vaults:5 | Got a crude robe
 82789 | Vaults:5 | Identified the +0 robe of Discretion {rElec rPois rN+ MR-}
                  | (You took it off a yaktaur on level 5 of the Vaults)
 83443 | Depths:1 | Gained mutation: Your spells are a little harder to cast,
                  | but a little more powerful. [evolution]
 83576 | Depths:3 | Voluntarily entered the Abyss.
 83588 | Abyss:1  | Learned a level 1 spell: Apportation
 83624 | Abyss:3  | Found a corrupted altar of Lugonu.
 83812 | Abyss:3  | Identified the Volume of Earthen Unholy Rituals
 83820 | Abyss:3  | Identified the Disquisition on the Blaze
 83857 | Abyss:3  | Identified Tulesheg's Reference Book on Unholy Rituals
 83859 | Abyss:3  | Reached skill level 1 in Translocations
 83876 | Abyss:3  | Identified the Handbook of the Frostbite
 83889 | Abyss:3  | Identified the Guide on Ignition
 83891 | Abyss:3  | Identified Sif Muna's Tome of Fire
 83902 | Abyss:3  | Identified the Papyrus of Toxins
 83915 | Abyss:3  | Identified the Tome of Lightness
 83975 | Depths:3 | Escaped the Abyss
 83977 | Depths:3 | Voluntarily entered the Abyss.
 83981 | Abyss:1  | Found a corrupted altar of Lugonu.
 84263 | Abyss:3  | Paralysed by accursed screaming for 1 turns
 84275 | Abyss:3  | Paralysed by accursed screaming for 1 turns
 84284 | Abyss:3  | Was placed under penance by the Shining One
 84301 | Abyss:3  | Got an abyssal rune of Zot
 84341 | Depths:3 | Escaped the Abyss
 84347 | Depths:3 | Voluntarily entered the Abyss.
 84378 | Depths:3 | Escaped the Abyss
 84380 | Depths:3 | Voluntarily entered the Abyss.
 84882 | Abyss:1  | Gained mutation: Your magical capacity is low. (-10% MP) [a
                  | neqoxec]
 84886 | Abyss:1  | Gained mutation: Armour fits poorly on your strangely
                  | shaped body. [a neqoxec]
 85500 | Depths:3 | Escaped the Abyss
 85525 | Depths:3 | Voluntarily entered the Abyss.
 85632 | Abyss:1  | Found a shattered altar of Ashenzari.
 85819 | Abyss:1  | Was forgiven by the Shining One
 85872 | Abyss:1  | Gained mutation: You are clumsy. (Dex -2) [a neqoxec]
 85903 | Abyss:1  | HP: 10/249 [smoke demon/divine providence (12)]
 85907 | Depths:3 | Escaped the Abyss
 86193 | Depths:3 | Voluntarily entered the Abyss.
 86396 | Abyss:2  | Found a shattered altar of Ashenzari.
 86406 | Abyss:2  | Found a shattered altar of Ashenzari.
 86797 | Depths:3 | Escaped the Abyss
 86799 | Depths:3 | Voluntarily entered the Abyss.
 86918 | Abyss:1  | Found a hazy altar of Hepliaklqana.
 86957 | Abyss:1  | Paralysed by accursed screaming for 1 turns
 87071 | Abyss:1  | Paralysed by accursed screaming for 1 turns
 87607 | Abyss:1  | Noticed an ancient lich
 87615 | Abyss:1  | Killed an ancient lich
 87814 | Abyss:2  | Reached skill level 5 in Translocations
 87847 | Depths:3 | Escaped the Abyss
 88552 | Coc:4    | Killed a shard shrike
 88847 | Coc:5    | Noticed a shard shrike
 88849 | Coc:5    | Noticed a shard shrike
 88849 | Coc:5    | Noticed a shard shrike
 88852 | Coc:5    | Killed a shard shrike
 88854 | Coc:5    | Killed a shard shrike
 88862 | Coc:5    | Killed a shard shrike
 89105 | Coc:7    | Entered Level 7 of Cocytus
 89171 | Coc:7    | Reached skill level 15 in Crossbows
 90480 | Coc:2    | Reached skill level 15 in Spellcasting
 90597 | Coc:3    | Noticed a shard shrike
 90617 | Coc:3    | Killed a shard shrike
 91047 | Coc:7    | Noticed a shard shrike
 91050 | Coc:7    | Killed a shard shrike
 91478 | Coc:7    | Got a fine golden ring
 91489 | Coc:7    | Got a pair of jewelled gloves
 91490 | Coc:7    | Identified the +0 pair of gloves of the Beekeeper {rPois
                  | rC+ MR++ Dex-5} (You found it on level 7 of Cocytus)
 91491 | Coc:7    | Identified the ring "Seusady" {*Tele Str+3} (You found it
                  | on level 7 of Cocytus)
 91564 | Coc:7    | Noticed Antaeus
 91617 | Coc:7    | Killed Antaeus
 91719 | Coc:7    | Got an icy rune of Zot
 92841 | Zot:4    | Found a runed door.
 92841 | Zot:4    | Noticed Vikerok's ghost (master OgTm)
 93024 | Zot:4    | Got a jewelled dagger
 93025 | Zot:4    | Identified the +5 dagger of Blood-Lust {pierce, rElec
                  | Dex+2} (You found it on level 4 of the Realm of Zot)
 93667 | Zot:5    | Noticed an ancient lich
 93672 | Zot:5    | Killed an ancient lich
 93686 | Zot:5    | Noticed an ancient lich
 93697 | Zot:5    | Killed an ancient lich
 93940 | Zot:5    | Noticed an ancient lich
 93943 | Zot:5    | Noticed an orb of fire
 93944 | Zot:5    | Killed an ancient lich
 93953 | Zot:5    | Killed an orb of fire
 94085 | Zot:5    | Noticed an ancient lich
 94088 | Zot:5    | Noticed an ancient lich
 94091 | Zot:5    | Killed an ancient lich
 94092 | Zot:5    | Noticed an ancient lich
 94096 | Zot:5    | Killed an ancient lich
 94096 | Zot:5    | Noticed an orb of fire
 94099 | Zot:5    | Killed an ancient lich
 94106 | Zot:5    | Gained mutation: You are partially covered in thin metallic
                  | scales. (AC +2) [an orb of fire]
 94115 | Zot:5    | Gained mutation: You are occasionally teleported next to
                  | monsters. [an orb of fire]
 94129 | Zot:5    | Killed an orb of fire
 94718 | Lair:2   | Lost mutation: Your spells are a little harder to cast, but
                  | a little more powerful. [potion of mutation]
 94718 | Lair:2   | Lost mutation: You are clumsy. (Dex -2) [potion of
                  | mutation]
 94718 | Lair:2   | Lost mutation: Armour fits poorly on your strangely shaped
                  | body. [potion of mutation]
 94718 | Lair:2   | Gained mutation: You are robust. (+10% HP) [potion of
                  | mutation]
 94719 | Lair:2   | Lost mutation: Your magical capacity is low. (-10% MP)
                  | [potion of mutation]
 94719 | Lair:2   | Lost mutation: Your muscles are strong. (Str +2) [potion of
                  | mutation]
 94719 | Lair:2   | Lost mutation: You are partially covered in thin metallic
                  | scales. (AC +2) [potion of mutation]
 94719 | Lair:2   | Gained mutation: You are very robust. (+20% HP) [potion of
                  | mutation]
 94719 | Lair:2   | Lost mutation: You are occasionally teleported next to
                  | monsters. [potion of mutation]
 94719 | Lair:2   | Gained mutation: You have a pair of small horns on your
                  | head. [potion of mutation]
 95207 | Tar:1    | Entered Level 1 of Tartarus
 96076 | Tar:7    | Entered Level 7 of Tartarus
 96479 | Tar:7    | Identified the Compendium of the Swan
 96578 | Tar:7    | Gained mutation: You have a pair of horns on your head.
                  | [evolution]
 97406 | Tar:7    | Cast into level 3 of the Abyss (a lich)
 97454 | Abyss:3  | Gained mutation: Scrolls take you a little longer to read.
                  | [a neqoxec]
 97455 | Abyss:3  | Gained mutation: You do not regenerate when monsters are
                  | visible. [a neqoxec]
 97458 | Abyss:3  | Gained mutation: Your body sometimes deteriorates upon
                  | taking damage. [a neqoxec]
 97459 | Tar:7    | Escaped the Abyss
 97647 | Tar:7    | Noticed Ereshkigal
 97707 | Tar:7    | Killed Ereshkigal
 97845 | Tar:7    | Got a bone rune of Zot
 98038 | Hell     | Lost mutation: You have a pair of horns on your head.
                  | [potion of mutation]
 98038 | Hell     | Lost mutation: Your body sometimes deteriorates upon taking
                  | damage. [potion of mutation]
 98038 | Hell     | Lost mutation: You are very robust. (+20% HP) [potion of
                  | mutation]
 98038 | Hell     | Gained mutation: You have sharp toenails. [potion of
                  | mutation]
 98039 | Hell     | Lost mutation: You have a pair of small horns on your head.
                  | [potion of mutation]
 98039 | Hell     | Lost mutation: Scrolls take you a little longer to read.
                  | [potion of mutation]
 98039 | Hell     | Gained mutation: You are partially covered in thin metallic
                  | scales. (AC +2) [potion of mutation]
 98039 | Hell     | Gained mutation: You can translocate small distances at
                  | will. [potion of mutation]
 98039 | Hell     | Gained mutation: You are partially covered in molten
                  | scales. (AC +2) [potion of mutation]
 98040 | Hell     | Lost mutation: You are robust. (+10% HP) [potion of
                  | mutation]
 98040 | Hell     | Lost mutation: You can translocate small distances at will.
                  | [potion of mutation]
 98040 | Hell     | Gained mutation: You expend magic power (3 MP) to
                  | strengthen your wands. [potion of mutation]
 98040 | Hell     | Gained mutation: You are dopey. (Int -2) [potion of
                  | mutation]
 98040 | Hell     | Gained mutation: Your muscles are strong. (Str +2) [potion
                  | of mutation]
 98041 | Hell     | Lost mutation: You are dopey. (Int -2) [potion of mutation]
 98041 | Hell     | Lost mutation: You have sharp toenails. [potion of
                  | mutation]
 98041 | Hell     | Lost mutation: Your muscles are strong. (Str +2) [potion of
                  | mutation]
 98041 | Hell     | Lost mutation: You expend magic power (3 MP) to strengthen
                  | your wands. [potion of mutation]
 98041 | Hell     | Lost mutation: You evolve. [potion of mutation]
 98041 | Hell     | Lost mutation: You are partially covered in thin metallic
                  | scales. (AC +2) [potion of mutation]
 98041 | Hell     | Gained mutation: You are covered in fur. (AC +1) [potion of
                  | mutation]
 98042 | Hell     | Lost mutation: You do not regenerate when monsters are
                  | visible. [potion of mutation]
 98042 | Hell     | Lost mutation: You are covered in fur. (AC +1) [potion of
                  | mutation]
 98042 | Hell     | Lost mutation: You are partially covered in icy blue
                  | scales. (AC +2) [potion of mutation]
 98042 | Hell     | Lost mutation: You are partially covered in molten scales.
                  | (AC +2) [potion of mutation]
 98042 | Hell     | Gained mutation: You are frail. (-10% HP) [potion of
                  | mutation]
 98042 | Hell     | Gained mutation: You are weak. (Str -2) [potion of
                  | mutation]
 98042 | Hell     | Lost mutation: You are frail. (-10% HP) [potion of
                  | mutation]
 98042 | Hell     | Lost mutation: You are weak. (Str -2) [potion of mutation]
 98297 | Zot:5    | Noticed an ancient lich
 98305 | Zot:5    | Killed an ancient lich
 98305 | Zot:5    | Reached skill level 27 in Invocations
 98545 | Zot:5    | Noticed an orb of fire
 98553 | Zot:5    | Noticed an orb of fire
 98555 | Zot:5    | Gained mutation: You are frail. (-10% HP) [an orb of fire]
 98563 | Zot:5    | Killed an orb of fire
 98571 | Zot:5    | Gained mutation: You are occasionally teleported next to
                  | monsters. [an orb of fire]
 98573 | Zot:5    | Killed an orb of fire
 98771 | Zot:5    | Noticed an orb of fire
 98771 | Zot:5    | Gained mutation: Scrolls take you a little longer to read.
                  | [an orb of fire]
 98774 | Zot:5    | HP: 7/224 [Killer Klown (21)]
 98778 | Zot:5    | HP: 3/224 [orb of fire/bolt of fire (21)]
 98922 | Zot:5    | Noticed an ancient lich
 98931 | Zot:5    | Noticed an ancient lich
 98932 | Zot:5    | Killed an ancient lich
 98938 | Zot:5    | Killed an ancient lich
 98965 | Zot:5    | Gained mutation: You tend to lose your temper in combat.
                  | [an orb of fire]
 98967 | Zot:5    | Gained mutation: You occasionally shout uncontrollably at
                  | your foes. [an orb of fire]
 98970 | Zot:5    | Gained mutation: You are very frail. (-20% HP) [an orb of
                  | fire]
 98982 | Zot:5    | Killed an orb of fire
 99015 | Zot:5    | Slain by an electric golem

Skill      XL: |  1  2  3  4  5  6  7  8  9 10 11 12 13 14 15 16 17 18 19 20 21 22 23 24 25 26 27 |
---------------+----------------------------------------------------------------------------------+-----
Stealth        | 1 6 |  6.0
Armour         | 1 2 3 4 6 7 8 9 10 11 13 14 15 16 17 18 24 | 24.0
Long Blades    | 4 5 6 7 9 10 11 12 13 14 15 16 17 18 19 20 25 | 25.5
Fighting       | 3 4 7 8 9 10 11 13 14 16 17 19 20 21 22 23 24 25 27 | 27.0
Evocations     | 2 3 5 6 7 8 9 |  9.0
Dodging        | 4 5 7 8 9 10 11 12 19 | 19.0
Invocations    | 2 4 6 8 9 10 11 12 13 14 15 16 17 27 | 27.0
Crossbows      | 2 4 5 7 8 9 10 11 12 16 | 16.9
Transmutations | 1 |  1.0
Spellcasting   | 2 4 5 6 8 9 16 | 16.0
Earth Magic    | 1 |  1.0
Axes           | 1 4 6 |  6.0
Charms         | 2 3 |  3.0
Translocations | 9 |  9.0
Throwing       | |  2.0

Action                   |  1- 3 |  4- 6 |  7- 9 | 10-12 | 13-15 | 16-18 | 19-21 | 22-24 | 25-27 || total
-------------------------+-------+-------+-------+-------+-------+-------+-------+-------+-------++-------
Melee: Long sword        |   122 |   279 |    18 |       |       |       |       |       |       ||   419
       War axe           |       |       |   126 |       |       |       |       |       |     4 ||   130
       Great sword       |       |       |    74 |   418 |   926 |   974 |  1011 |  1307 |  4849 ||  9559
       Headbutt          |       |       |       |       |       |       |       |       |   211 ||   211
       Unarmed           |       |       |       |       |       |       |       |       |     3 ||     3
 Fire: Arbalest          |       |       |       |       |       |    17 |    29 |   106 |   395 ||   547
Throw: Throwing net      |       |       |       |       |       |     1 |     3 |       |       ||     4
       Javelin           |       |       |       |       |       |       |       |     3 |       ||     3
 Cast: Song of Slaying   |       |       |       |       |       |       |       |       |     3 ||     3
Invok: Divine Shield     |       |       |       |       |     2 |     1 |       |       |     1 ||     4
       Cleansing Flame   |       |       |       |       |       |     3 |     7 |    14 |    97 ||   121
       Summon Divine War |       |       |       |       |       |     4 |     6 |    17 |    30 ||    57
Evoke: Wand              |       |       |    11 |    30 |    60 |    31 |    12 |    41 |    10 ||   195
       Lightning rod     |       |       |       |     4 |     4 |     8 |    11 |     1 |    15 ||    43
       Fan of gales      |       |       |       |       |     1 |       |       |       |       ||     1
       Lamp of fire      |       |       |       |       |       |     2 |     4 |     1 |     7 ||    14
  Use: Scroll            |       |     3 |     4 |    13 |    13 |    11 |    15 |    16 |    70 ||   145
       Potion            |       |     2 |     8 |     1 |     5 |     3 |     2 |     7 |    55 ||    83
 Stab: Paralysed         |       |       |     2 |       |       |       |       |       |       ||     2
  Eat: Chunk             |     1 |     5 |     6 |    20 |    24 |    21 |    21 |    24 |    28 ||   150
       Ration            |       |     1 |     1 |       |     3 |     5 |     4 |    12 |    37 ||    63
Armor: Leather armour    |     4 |       |       |       |       |       |       |       |       ||     4
       Plate armour      |    92 |   182 |   268 |   299 |   196 |       |       |       |       ||  1037
       Skin              |       |    10 |       |       |       |       |       |       |       ||    10
       Troll leather arm |       |       |       |     1 |       |       |       |       |       ||     1
       Chain mail        |       |       |       |       |   602 |   707 |   664 |   890 |  1079 ||  3942
       Gold dragon scale |       |       |       |       |       |       |       |       |  1991 ||  1991
Dodge: Dodged            |    45 |    96 |   131 |   206 |   758 |   833 |   854 |  1140 |  3701 ||  7764
Block: Other             |       |       |    27 |     3 |    18 |     3 |     2 |   144 |    36 ||   233
       Reflection        |       |       |       |       |       |       |     1 |    19 |       ||    20
       Rpst.: Long sword |    13 |    21 |     2 |       |       |       |       |       |       ||    36
       Great sword       |       |       |    20 |    61 |   202 |   175 |   171 |   214 |   714 ||  1557
